[ PARTIDA AOE2 · #495900475 ]
UnrankedTártaros vs Portuguese
Equipo del jugador · VICT
Equipo rival · DERR
[ ANÁLISIS DE REPETICIÓN · EXTRAÍDO DE LA PARTIDA GRABADA ]
Feudal
9:54
Castillos
22:05
Imperial
39:07
| APM promedio | 86.8 |
| APM pico | 145 |
| eAPM promedio | 52.6 |
| Aldeanos / militares | 163 / 233 |
Foco
⚔️ 54.7% · 🌾 45.3%
Camel Scout ×73 · Scout Cavalry ×72 · Knight ×43 · Cavalry Archer ×24 · Archer ×8 · Monk ×4
Feudal
14:04
Castillos
21:58
Imperial
36:05
| APM promedio | 77.3 |
| APM pico | 106 |
| eAPM promedio | 44.8 |
| Aldeanos / militares | 332 / 212 |
Foco
⚔️ 32.3% · 🌾 67.7%
Knight ×60 · Organ Gun ×59 · Scout Cavalry ×45 · Trebuchet (Packed) ×21 · Militia ×17 · Scorpion ×7
Mapa de la partida
Recursos iniciales + cada clic de construcción. Líneas = muros · curvas = relieve. ◆ oro · ⬟ piedra · ● bayas · ✦ reliquia · ◌ hueco del cierre
Tu base· Abierta — flanco sin cerrar
Base de Sokrates· Abierta — flanco sin cerrar
Terreno inicial suavizado · ◌ = hueco del cierre detectado · pasá el cursor para detalles
Inputs por minuto
— MO - - Sokrates
Build order — MO
Primeras 150 de 558 acciones detectadas
| 0:00 | Crear | Villager (Male) |
| 0:00 | Crear | Villager (Male) |
| 0:01 | Crear | Villager (Male) |
| 0:02 | Construir | House |
| 0:04 | Construir | House |
| 0:12 | Crear | Villager (Male) |
| 1:28 | Investigar | Loom |
| 1:43 | Crear | Villager (Male) |
| 1:46 | Construir | House |
| 2:04 | Crear | Villager (Male) |
| 2:28 | Crear | Villager (Male) |
| 2:43 | Crear | Villager (Male) |
| 2:50 | Construir | Lumber Camp |
| 3:47 | Crear | Villager (Male) |
| 4:04 | Crear | Villager (Male) |
| 4:18 | Crear | Villager (Male) |
| 4:36 | Crear | Villager (Male) |
| 5:33 | Crear | Villager (Male) |
| 5:54 | Crear | Villager (Male) |
| 6:10 | Construir | House |
| 6:13 | Construir | Mill |
| 6:19 | Crear | Villager (Male) |
| 6:46 | Crear | Villager (Male) |
| 7:14 | Construir | Palisade Gate |
| 7:15 | Crear | Villager (Male) |
| 7:18 | Construir | Palisade Gate |
| 7:20 | Construir | Palisade Wall |
| 7:31 | Construir | Palisade Gate |
| 7:31 | Crear | Villager (Male) |
| 7:33 | Construir | Palisade Wall |
| 7:44 | Investigar | Feudal Age |
| 7:45 | Investigar | Feudal Age |
| 8:05 | Construir | Palisade Gate |
| 8:06 | Construir | Palisade Wall |
| 8:17 | Construir | Palisade Wall |
| 8:25 | Construir | Palisade Wall |
| 8:26 | Construir | Palisade Wall |
| 8:27 | Construir | Palisade Wall |
| 8:28 | Construir | Palisade Wall |
| 8:28 | Construir | Palisade Wall |
| 8:29 | Construir | Palisade Wall |
| 9:51 | Crear | Villager (Male) |
| 9:54 | Construir | Barracks |
| 9:54 | Edad | Edad Feudal |
| 10:03 | Investigar | Double-Bit Axe |
| 10:03 | Investigar | Double-Bit Axe |
| 10:17 | Crear | Villager (Male) |
| 10:37 | Construir | Palisade Wall |
| 10:44 | Construir | Archery Range |
| 10:44 | Crear | Villager (Male) |
| 10:56 | Crear | Villager (Male) |
| 11:18 | Crear | Spearman |
| 11:20 | Crear | Villager (Male) |
| 11:28 | Crear | Archer |
| 11:30 | Construir | House |
| 11:41 | Construir | House |
| 11:45 | Construir | Palisade Wall |
| 11:52 | Investigar | Town Watch |
| 11:52 | Investigar | Town Watch |
| 12:07 | Construir | Archery Range |
| 12:07 | Crear | Villager (Male) |
| 12:10 | Construir | Mining Camp |
| 12:22 | Construir | Farm |
| 12:23 | Construir | Farm |
| 12:42 | Crear | Villager (Male) |
| 12:44 | Crear | Villager (Male) |
| 12:52 | Construir | Farm |
| 12:53 | Construir | Farm |
| 13:02 | Construir | Farm |
| 13:36 | Crear | Villager (Male) |
| 13:38 | Construir | Farm |
| 13:43 | Construir | Farm |
| 13:50 | Crear | Archer |
| 13:51 | Crear | Villager (Male) |
| 14:07 | Crear | Villager (Male) |
| 14:10 | Construir | Blacksmith |
| 14:17 | Construir | House |
| 14:21 | Construir | House |
| 14:24 | Crear | Villager (Male) |
| 14:31 | Crear | Spearman |
| 14:38 | Crear | Villager (Male) |
| 14:57 | Crear | Villager (Male) |
| 15:10 | Investigar | Fletching |
| 15:11 | Investigar | Fletching |
| 15:13 | Construir | House |
| 15:21 | Construir | Palisade Wall |
| 15:23 | Construir | Palisade Wall |
| 15:24 | Construir | Palisade Wall |
| 15:25 | Construir | Palisade Wall |
| 15:41 | Crear | Archer |
| 15:53 | Construir | Farm |
| 15:55 | Construir | House |
| 16:02 | Crear | Villager (Male) |
| 16:03 | Crear | Archer |
| 16:15 | Construir | Palisade Wall |
| 16:16 | Construir | Palisade Wall |
| 16:34 | Crear | Villager (Male) |
| 16:47 | Construir | House |
| 16:48 | Construir | Palisade Wall |
| 16:54 | Crear | Villager (Male) |
| 17:02 | Construir | Palisade Wall |
| 17:03 | Construir | Palisade Wall |
| 17:04 | Construir | Palisade Wall |
| 17:17 | Crear | Archer |
| 17:24 | Crear | Villager (Male) |
| 17:29 | Construir | House |
| 17:49 | Construir | Palisade Wall |
| 17:58 | Crear | Villager (Male) |
| 18:15 | Construir | Lumber Camp |
| 18:17 | Crear | Villager (Male) |
| 18:40 | Construir | House |
| 18:43 | Construir | House |
| 18:51 | Crear | Villager (Male) |
| 19:11 | Crear | Villager (Male) |
| 19:18 | Construir | Farm |
| 19:19 | Investigar | Castle Age |
| 19:25 | Investigar | Castle Age |
| 20:24 | Crear | Archer |
| 20:41 | Construir | Archery Range |
| 20:44 | Investigar | Padded Archer Armor |
| 20:52 | Investigar | Gold Mining |
| 20:52 | Investigar | Gold Mining |
| 20:56 | Investigar | Horse Collar |
| 20:56 | Investigar | Horse Collar |
| 21:00 | Construir | Farm |
| 21:00 | Construir | Farm |
| 21:16 | Construir | Palisade Wall |
| 21:18 | Construir | Palisade Wall |
| 21:19 | Construir | Palisade Wall |
| 21:20 | Construir | Palisade Wall |
| 21:25 | Construir | House |
| 21:30 | Construir | Palisade Wall |
| 21:31 | Crear | Archer |
| 21:44 | Construir | Palisade Wall |
| 21:48 | Construir | House |
| 21:49 | Construir | House |
| 21:50 | Construir | Palisade Wall |
| 21:54 | Construir | Farm |
| 21:55 | Crear | Archer |
| 21:58 | Construir | Palisade Wall |
| 22:00 | Construir | Palisade Wall |
| 22:03 | Construir | Palisade Wall |
| 22:05 | Edad | Edad de los Castillos |
| 22:08 | Crear | Cavalry Archer |
| 22:08 | Crear | Cavalry Archer |
| 22:13 | Investigar | Bodkin Arrow |
| 22:13 | Investigar | Bodkin Arrow |
| 22:14 | Crear | Villager (Male) |
| 22:17 | Construir | Farm |
| 22:28 | Crear | Villager (Male) |
Build order — Sokrates
Primeras 150 de 768 acciones detectadas
| 0:00 | Crear | Villager (Male) |
| 0:01 | Crear | Villager (Male) |
| 0:02 | Construir | House |
| 0:03 | Construir | House |
| 0:05 | Crear | Villager (Male) |
| 0:06 | Crear | Villager (Male) |
| 1:25 | Crear | Villager (Male) |
| 1:25 | Crear | Villager (Male) |
| 1:50 | Crear | Villager (Male) |
| 1:58 | Construir | Lumber Camp |
| 2:20 | Crear | Villager (Male) |
| 2:50 | Crear | Villager (Male) |
| 2:55 | Crear | Villager (Male) |
| 2:55 | Crear | Villager (Male) |
| 3:38 | Crear | Villager (Male) |
| 3:38 | Crear | Villager (Male) |
| 3:51 | Construir | House |
| 4:09 | Crear | Villager (Male) |
| 4:39 | Crear | Villager (Male) |
| 4:39 | Crear | Villager (Male) |
| 4:51 | Crear | Villager (Male) |
| 4:51 | Crear | Villager (Male) |
| 4:52 | Crear | Villager (Male) |
| 5:02 | Construir | Mill |
| 5:13 | Crear | Villager (Male) |
| 5:13 | Crear | Villager (Male) |
| 5:35 | Crear | Villager (Male) |
| 5:35 | Crear | Villager (Male) |
| 5:50 | Crear | Villager (Male) |
| 6:22 | Construir | House |
| 6:26 | Investigar | Loom |
| 6:30 | Construir | Barracks |
| 6:46 | Construir | Farm |
| 6:57 | Construir | Palisade Wall |
| 6:59 | Construir | Palisade Wall |
| 7:01 | Construir | Palisade Wall |
| 7:11 | Crear | Villager (Male) |
| 7:13 | Construir | House |
| 7:24 | Construir | House |
| 7:32 | Crear | Villager (Male) |
| 7:34 | Construir | Farm |
| 7:45 | Crear | Villager (Male) |
| 7:46 | Crear | Villager (Male) |
| 7:50 | Construir | Farm |
| 7:50 | Construir | Farm |
| 7:54 | Construir | House |
| 8:01 | Crear | Villager (Male) |
| 8:14 | Construir | Palisade Wall |
| 8:16 | Construir | Palisade Wall |
| 8:18 | Construir | Palisade Wall |
| 8:20 | Construir | Palisade Wall |
| 8:23 | Crear | Militia |
| 8:23 | Crear | Militia |
| 8:27 | Crear | Militia |
| 8:32 | Crear | Villager (Male) |
| 8:36 | Construir | Farm |
| 8:38 | Construir | Farm |
| 8:55 | Crear | Villager (Male) |
| 8:56 | Crear | Villager (Male) |
| 8:56 | Crear | Villager (Male) |
| 9:22 | Crear | Villager (Male) |
| 9:24 | Construir | Mining Camp |
| 9:46 | Crear | Villager (Male) |
| 9:55 | Crear | Villager (Male) |
| 9:56 | Crear | Militia |
| 10:02 | Crear | Villager (Male) |
| 10:02 | Crear | Villager (Male) |
| 10:03 | Crear | Villager (Male) |
| 10:05 | Crear | Villager (Male) |
| 10:07 | Construir | Farm |
| 10:08 | Construir | Farm |
| 10:08 | Crear | Villager (Male) |
| 10:08 | Crear | Villager (Male) |
| 10:09 | Crear | Villager (Male) |
| 10:10 | Construir | House |
| 10:28 | Crear | Militia |
| 10:28 | Crear | Militia |
| 10:36 | Crear | Militia |
| 10:37 | Crear | Militia |
| 10:44 | Construir | Farm |
| 10:54 | Crear | Villager (Male) |
| 10:57 | Construir | House |
| 11:02 | Construir | Farm |
| 11:09 | Crear | Militia |
| 11:17 | Crear | Villager (Male) |
| 11:20 | Construir | House |
| 11:25 | Construir | Farm |
| 11:41 | Crear | Militia |
| 11:48 | Construir | Lumber Camp |
| 11:51 | Construir | Farm |
| 11:54 | Investigar | Feudal Age |
| 11:54 | Investigar | Feudal Age |
| 12:15 | Construir | House |
| 12:27 | Crear | Militia |
| 12:41 | Crear | Militia |
| 13:24 | Crear | Militia |
| 13:32 | Construir | Farm |
| 13:32 | Construir | Farm |
| 13:33 | Construir | Farm |
| 13:33 | Construir | Farm |
| 13:42 | Construir | House |
| 13:52 | Crear | Militia |
| 14:01 | Crear | Villager (Male) |
| 14:02 | Crear | Militia |
| 14:04 | Edad | Edad Feudal |
| 14:07 | Construir | Archery Range |
| 14:17 | Investigar | Arson |
| 14:23 | Crear | Villager (Male) |
| 14:24 | Crear | Villager (Male) |
| 14:45 | Crear | Villager (Male) |
| 14:51 | Construir | Palisade Wall |
| 14:52 | Construir | Palisade Wall |
| 14:54 | Construir | Palisade Wall |
| 14:58 | Crear | Villager (Male) |
| 15:13 | Investigar | Man-at-Arms (upgrade) |
| 15:13 | Investigar | Man-at-Arms (upgrade) |
| 15:16 | Crear | Villager (Male) |
| 15:19 | Construir | Farm |
| 15:20 | Construir | Farm |
| 15:20 | Crear | Villager (Male) |
| 15:23 | Construir | Blacksmith |
| 15:36 | Crear | Villager (Male) |
| 15:37 | Investigar | Wheelbarrow |
| 15:37 | Investigar | Wheelbarrow |
| 15:37 | Investigar | Wheelbarrow |
| 16:05 | Crear | Villager (Male) |
| 16:08 | Construir | Watch Tower |
| 16:37 | Crear | Villager (Male) |
| 16:37 | Crear | Villager (Male) |
| 16:59 | Crear | Villager (Male) |
| 17:03 | Crear | Villager (Male) |
| 17:04 | Crear | Villager (Male) |
| 17:06 | Crear | Villager (Male) |
| 17:09 | Crear | Villager (Male) |
| 17:15 | Crear | Villager (Male) |
| 17:24 | Crear | Villager (Male) |
| 17:27 | Crear | Villager (Male) |
| 17:52 | Crear | Villager (Male) |
| 18:04 | Crear | Villager (Male) |
| 18:11 | Crear | Villager (Male) |
| 18:14 | Construir | Archery Range |
| 18:24 | Investigar | Double-Bit Axe |
| 18:26 | Crear | Villager (Male) |
| 18:54 | Crear | Villager (Male) |
| 19:09 | Construir | Farm |
| 19:18 | Investigar | Castle Age |
| 19:18 | Investigar | Castle Age |
| 19:19 | Investigar | Castle Age |
| 19:26 | Construir | Mining Camp |
| 19:27 | Crear | Skirmisher |
Cronología de la partida
| 6:30 | Sokrates · first_building Barracks |
| 6:57 | Sokrates · wall_segment Palisade Wall x1 |
| 6:59 | Sokrates · wall_segment Palisade Wall x1 |
| 7:01 | Sokrates · wall_segment Palisade Wall x1 |
| 7:20 | MO · wall_segment Palisade Wall x1 |
| 7:33 | MO · wall_segment Palisade Wall x1 |
| 8:06 | MO · wall_segment Palisade Wall x1 |
| 8:14 | Sokrates · wall_segment Palisade Wall x1 |
| 8:16 | Sokrates · wall_segment Palisade Wall x1 |
| 8:17 | MO · wall_segment Palisade Wall x1 |
| 8:18 | Sokrates · wall_segment Palisade Wall x1 |
| 8:20 | Sokrates · wall_segment Palisade Wall x1 |
| 8:25 | MO · wall_segment Palisade Wall x1 |
| 8:26 | MO · wall_segment Palisade Wall x1 |
| 8:27 | MO · wall_segment Palisade Wall x1 |
| 8:28 | MO · wall_segment Palisade Wall x1 |
| 8:28 | MO · wall_segment Palisade Wall x1 |
| 8:29 | MO · wall_segment Palisade Wall x1 |
| 9:54 | MO · first_building Barracks |
| 9:54 | MO · age_up feudal |
| 10:37 | MO · wall_segment Palisade Wall x1 |
| 10:44 | MO · first_building Archery Range |
| 11:45 | MO · wall_segment Palisade Wall x1 |
| 14:04 | Sokrates · age_up feudal |
| 14:07 | Sokrates · first_building Archery Range |
| 14:51 | Sokrates · wall_segment Palisade Wall x1 |
| 14:52 | Sokrates · wall_segment Palisade Wall x1 |
| 14:54 | Sokrates · wall_segment Palisade Wall x1 |
| 15:21 | MO · wall_segment Palisade Wall x5 |
| 15:23 | MO · wall_segment Palisade Wall x4 |
| 15:24 | MO · wall_segment Palisade Wall x4 |
| 15:25 | MO · wall_segment Palisade Wall x3 |
| 16:15 | MO · wall_segment Palisade Wall x1 |
| 16:16 | MO · wall_segment Palisade Wall x2 |
| 16:48 | MO · wall_segment Palisade Wall x1 |
| 17:02 | MO · wall_segment Palisade Wall x1 |
| 17:03 | MO · wall_segment Palisade Wall x1 |
| 17:04 | MO · wall_segment Palisade Wall x1 |
| 17:49 | MO · wall_segment Palisade Wall x1 |
| 20:24 | Sokrates · first_building Stable |
| 21:16 | MO · wall_segment Palisade Wall x1 |
| 21:18 | MO · wall_segment Palisade Wall x1 |
| 21:19 | MO · wall_segment Palisade Wall x1 |
| 21:20 | MO · wall_segment Palisade Wall x1 |
| 21:30 | MO · wall_segment Palisade Wall x1 |
| 21:44 | MO · wall_segment Palisade Wall x1 |
| 21:50 | MO · wall_segment Palisade Wall x1 |
| 21:58 | Sokrates · age_up castle |
| 21:58 | MO · wall_segment Palisade Wall x1 |
| 22:00 | MO · wall_segment Palisade Wall x1 |
| 22:03 | MO · wall_segment Palisade Wall x1 |
| 22:05 | MO · age_up castle |
| 22:46 | MO · first_building Monastery |
| 25:50 | Sokrates · first_building Siege Workshop |
| 27:09 | Sokrates · first_market_sell 100 wood |
| 28:37 | MO · first_building Stable |
| 31:40 | MO · first_building Siege Workshop |
| 31:45 | Sokrates · first_market_buy 100 wood |
| 31:46 | Sokrates · first_building Monastery |
| 32:20 | Sokrates · first_building Castle |
| 33:16 | MO · first_building Castle |
| 36:05 | Sokrates · age_up imperial |
| 37:06 | MO · first_market_buy 100 wood |
| 37:07 | MO · first_market_sell 100 food |
| 39:07 | MO · age_up imperial |
| 42:18 | MO · wall_segment Palisade Wall x1 |
| 42:19 | MO · wall_segment Palisade Wall x1 |
| 50:30 | Sokrates · resign |
[ ANÁLISIS IA · 1 CRÉDITO ]
¿Qué pasó realmente en esta partida?
Wolo.gg analiza cada decisión: build order, eco, micro, errores típicos por bracket. Análisis personalizado por WhatsApp o Discord en 30 segundos.
Guía civ
Tártaros
Perfil
MO